 Dungeon Crawl Stone Soup version bcrawl-1.26.1 (webtiles) character file.

Game seed: 8680935579964082143

115924 Freyura the Cudgeler (level 4, -5/35 HPs)
             Began as a Demonspawn Gladiator on July 3, 2020.
             Was an Initiate of Ashenzari.
             Slain by Ijyb
             ... wielding a +2 dagger of venom
              (7 damage)
             ... on level 3 of the Dungeon.
             The game lasted 00:04:24 (1994 turns).

Freyura the Cudgeler (Demonspawn Gladiator)         Turns: 1994, Time: 00:04:25

Health: -5/35      AC:  0    Str: 15    XL:     4   Next: 10%
Magic:  4/4        EV: 21    Int:  9    God:    Ashenzari [......]
Gold:   87         SH:  0    Dex: 20    Spells: 3/3 levels left

rFire    . . .     SeeInvis .     - Teeth (2.7)
rCold    . . .     Gourm    .   (shield currently unavailable)
rNeg     . . .     Faith    .   (armour currently unavailable)
rPois    .         Spirit   .   (helmet currently unavailable)
rElec    .         Reflect  .   (cloak currently unavailable)
rCorr    .         Harm     .   (gloves currently unavailable)
MR       .....                  (boots currently unavailable)
Stlth    ++........             l - amulet of regeneration
HPRegen  0.11/turn              (ring currently unavailable)
MPRegen  0.09/turn              (ring currently unavailable)

@: lethally poisoned (-5 -> -21), bat-form (expiring), flying, very quick
A: tiny, rugged brown scales 1
a: Curse Item, Renounce Religion


You were on level 3 of the Dungeon.
You worshipped Ashenzari.
Ashenzari was noncommittal.
You were hungry.
You were in bat-form.
You visited 1 branch of the dungeon, and saw 3 of its levels.

You collected 87 gold pieces.

Inventory:

Hand Weapons
 a - a +0 flail (melded)
Missiles
 d - 3 throwing nets {=f}
Armour
 b - a +0 leather armour (melded)
 c - a +0 helmet (melded)
Jewellery
 l - an amulet of regeneration (around neck)
Scrolls
 g - 3 scrolls of blinking
 i - 2 scrolls of identify
 n - a scroll of teleportation
Potions
 f - a potion of berserk rage
 j - a potion of haste
 k - a potion of resistance {unknown}
 m - a potion of heal wounds {unknown}
Comestibles
 e - 5 rations {!d}


   Skills:
 * Level 2.9 Fighting
 * Level 3.4 Maces & Flails
 - Level 1.7 Throwing
 + Level 1.2 Armour
 + Level 3.0 Dodging


You had 3 spell levels left.
You didn't know any spells.
Your spell library was empty.

Dungeon Overview and Level Annotations

Branches:
Dungeon (3/12)

Altars:
Ashenzari
Dithmenos
Makhleb

Annotations:
D:3 Ijyb


Innate Abilities, Weirdness & Mutations

(You are partially covered in rugged brown scales. (AC +1, +3% HP))
((Your flesh is heat resistant. (rF+)))


Message History

Ijyb hits you with a +2 dagger of venom.
* * * LOW HITPOINT WARNING * * *
You are lethally poisoned!
You hit Ijyb.
Ijyb is severely wounded.
* * * LOW HITPOINT WARNING * * *
You feel sick.
You barely miss Ijyb.
Ijyb is severely wounded.
* * * LOW HITPOINT WARNING * * *
You feel sick.
Ijyb hits you with a +2 dagger of venom.
* * * LOW HITPOINT WARNING * * *
You are more poisoned.
You hit Ijyb but do no damage.
Ijyb is severely wounded.
* * * LOW HITPOINT WARNING * * *
You feel sick.
Ijyb hits you with a +2 dagger of venom!
You die...

## #. #.#####.#..###.##.. #. #.#
#..........##.. #. #.#
#.#.#..######.. #
##.#######.###.#.#.......... ##
#...##...#.........#######.. .##
#.#......#####)..### ##... .[##
#...##...####.###.## ##....
...####....<.....#.# #..####.....
...'............b..###.....'.....
...####......###g##.....####.....
..## ##....## #.##..#.## ##....
..# ###.## #.##.#### ##... #.#
#.#####.##.# ##.. ..#
#.....).##.# ##+ ## #.########.#
#. #.# #.# #. #.# #.# ##.


You could see Ijyb.

Vanquished Creatures
  An adder (D:3)
  A howler monkey skeleton (D:3)
  A worm (D:1)
  A dart slug (D:2)
  3 leopard geckos
  An orc (D:3)
  A ball python (D:3)
  2 giant cockroaches
  6 goblins
  5 hobgoblins
  3 jackals (D:3)
  3 quokkas
  2 bats (D:1)
  2 frilled lizards
  7 kobolds
  4 rats
43 creatures vanquished.

Notes
Turn   | Place    | Note
-------+----------+-------------------------------------------
     0 | D:1      | Freyura the Demonspawn Gladiator began the quest for the
                  | Orb.
     0 | D:1      | Reached XP level 1. HP: 16/16 MP: 1/1
   206 | D:1      | Gained mutation: Your flesh is heat resistant. (rF+)
                  | [demonic ancestry]
   206 | D:1      | Reached XP level 2. HP: 16/22 MP: 2/2
  1149 | D:2      | Gained mutation: You are partially covered in rugged brown
                  | scales. (AC +1, +3% HP) [demonic ancestry]
  1149 | D:2      | Reached XP level 3. HP: 17/28 MP: 3/3
  1268 | D:2      | Reached skill level 1 in Armour
  1364 | D:2      | Found a burning altar of Makhleb.
  1554 | D:2      | Found a shadowy altar of Dithmenos.
  1650 | D:3      | Found a shattered altar of Ashenzari.
  1661 | D:3      | Became a worshipper of Ashenzari the Shackled
  1840 | D:3      | Reached XP level 4. HP: 27/35 MP: 4/4
  1929 | D:3      | Noticed Ijyb
  1994 | D:3      | Slain by Ijyb

Skill      XL: |  1  2  3 |
---------------+----------+-----
Maces & Flails | 3 |  3.4
Armour         | 1 |  1.2
Dodging        | 3 |  3.0
Fighting       | |  2.9
Throwing       | |  1.7

Action                   |  1- 3 |  4- 6 || total
-------------------------+-------+-------++-------
Melee: Flail             |   156 |    10 ||   166
       Unarmed           |       |    23 ||    23
  Use: Scroll            |     6 |       ||     6
 Stab: Sleeping          |       |     1 ||     1
  Eat: Chunk             |     2 |     1 ||     3
Armor: Leather armour    |    42 |     2 ||    44
       Skin              |       |     1 ||     1
Dodge: Dodged            |   128 |    17 ||   145
